 Dungeon Crawl Stone Soup version 0.28.0-43-g3370ac3207 (webtiles) character file.

Game seed: 9357027377363131216

851 Revguard the Chopper (level 8, -2/68 HPs)
             Began as a Hill Orc Fighter on Mar 11, 2022.
             Was an Initiate of Beogh.
             Slain by a kobold brigand
             ... wielding a +0 war axe
              (7 damage)
             ... in a bailey.
             The game lasted 00:17:29 (6461 turns).

Revguard the Chopper (Hill Orc Fighter)             Turns: 6461, Time: 00:17:30

Health: -2/68      AC:  8    Str: 21    XL:     8   Next: 1%
Magic:  10/10      EV: 10    Int: 10    God:    Beogh [......]
Gold:   130        SH:  4    Dex: 10    Spells: 7/7 levels left

rFire   . . .      SeeInvis .   a - +0 war axe
rCold   . . .      Faith    .   c - +0 buckler
rNeg    . . .      Spirit   .   b - +0 scale mail
rPois   .          Reflect  .   (no helmet)
rElec   .          Harm     .   n - +0 cloak
rCorr   .          Rampage  .   (no gloves)
Will    +....                   (no boots)
Stlth   ..........              (no amulet)
HPRegen 0.21/turn               (no ring)
MPRegen 0.12/turn               (no ring)

@: lethally poisoned (-2 -> -7), slowed, very slow
A: clever 1, strong-willed 1
a: Renounce Religion


You were in a bailey.
You worshipped Beogh.
Beogh was noncommittal.
You visited 1 branch of the dungeon, and saw 7 of its levels.
You also visited: Bailey.

You collected 130 gold pieces.

Inventory:

Hand Weapons
 a - a +0 war axe (weapon)
Missiles
 e - a throwing net
 f - 4 javelins (quivered)
Armour
 b - a +0 scale mail (worn)
 c - a +0 buckler (worn)
 n - a +0 cloak (worn)
Wands
 m - a wand of polymorph (1)
Scrolls
 g - a scroll of enchant weapon
 h - 3 scrolls of vulnerability
 i - a scroll of noise
 j - 2 scrolls of magic mapping
 l - a scroll of blinking
 o - a scroll of silence
 p - 2 scrolls of holy word


   Skills:
 + Level 5.0 Fighting
 * Level 5.9 Axes
 - Level 1.3 Throwing
 + Level 4.6 Armour
 * Level 3.4 Dodging
 + Level 4.6 Shields
 * Level 2.9 Invocations
 + Level 1.4 Evocations


You had 7 spell levels left.
You didn't know any spells.
Your spell library contained the following spells:

 Spells                   Type           Power      Damage    Failure   Level
 Static Discharge         Conj/Air       0%         N/A       89%         2
 Sublimation of Blood     Necr           0%         N/A       89%         2
 Wereblood                Tmut           0%         N/A       89%         2
 Dazzling Flash           Conj/Hex       0%         N/A       98%         3
 Dispel Undead            Necr           0%         3d6       100%        4
 Hailstorm                Conj/Ice       0%         3d3       100%        4
 Ice Form                 Ice/Tmut       0%         N/A       100%        4
 Sticky Flame             Conj/Fire      0%         2d3       100%        4
 Agony                    Necr           0%         N/A       100%        5
 Silence                  Hex/Air        0%         N/A       100%        5
 Simulacrum               Ice/Necr       0%         N/A       100%        6
 Summon Hydra             Summ           0%         N/A       100%        7


Dungeon Overview and Level Annotations

Branches:
Dungeon (8/15)             Bailey (1/1)
 Temple: D:4-7         Lair: D:8-11

Altars:
Dithmenos
Gozag
Hepliaklqana
Qazlal
Sif Muna
Xom


Innate Abilities, Weirdness & Mutations

Your mind is acute. (Int +2)
You are strong-willed. (Will+)


Message History

The kobold brigand hits you with a +0 war axe.
You closely miss the kobold brigand.
The kobold brigand is moderately wounded.
You slash the kobold!
You kill the kobold!
Beogh accepts your kill.
You feel extremely sick. The kobold brigand barely misses you.
The kobold brigand throws a poisoned dart.
The poisoned dart barely misses you. The kobold brigand barely misses you.
The kobold closely misses you. You block the kobold brigand's attack.
Okay, then.
You feel extremely sick.
The kobold brigand hits you with a +0 war axe. x2
You block the kobold brigand's attack.
Things that are here:
2 boomerangs; a kobold corpse You slash the kobold brigand!
The kobold brigand is moderately wounded.
You hit the kobold but do no damage. You slash the kobold brigand!
You hit the kobold brigand but do no damage.
You feel very sick. The kobold hits you but does no damage.
The kobold brigand barely misses you.
The kobold brigand hits you with a +0 war axe!
* * * LOW HITPOINT WARNING * * *
The kobold brigand hits you with a +0 war axe.
* * * LOW HITPOINT WARNING * * *
The kobold barely misses you. You block the kobold brigand's attack.
The kobold brigand closely misses you.
Okay, then.
Really quaff the potion of mutation?
You feel extremely strange.
You feel less energetic.
You feel frail.
You feel clever.
You feel strong-willed.
* * * LOW HITPOINT WARNING * * *
You feel very sick. The kobold brigand barely misses you.
The kobold barely misses you. The kobold brigand closely misses you.
The kobold brigand hits you with a +0 war axe!
You die...

.≈≈.......≈≈.
##≈≈.......≈≈##
..≈≈.......≈≈..
###≈≈.......≈≈##
..≈≈.......≈≈..
.###≈≈.......≈≈##
....≈≈...KK..≈≈..
#≈≈.(K@...≈≈#
##≈.((K...≈##
####...#### #...#
#...# #...#
##'''## ##..∩..##
#.......#


You could see 3 kobold brigands and a kobold.

Vanquished Creatures
  An ice beast (D:4)
  A black bear (D:4)
  A phantom (D:5)
  A gnoll sergeant (D:5)
  2 howler monkeys
  A jelly (D:3)
  Crazy Yiuf (D:2)
  An iguana (D:5)
  An orc wizard (D:4)
  5 adders
  20 gnolls
  A white imp (D:5)
  An ufetubus (D:5)
  2 worms
  A dart slug (D:1)
  3 orcs
  4 endoplasms
  5 giant cockroaches
  6 goblins
  7 hobgoblins
  2 jackals (D:1)
  15 kobolds
  7 quokkas
  7 ball pythons
  10 bats
  6 frilled lizards
  A quokka skeleton (D:4)
  7 rats
120 creatures vanquished.

Vanquished Creatures (others)
  An orc wizard (D:4)
  3 orcs (D:4)
  A hobgoblin (D:4)
  A goblin (D:4)
6 creatures vanquished.

Grand Total: 126 creatures vanquished

Notes
Turn   | Place    | Note
-------+----------+-------------------------------------------
     0 | D:1      | Revguard the Hill Orc Fighter began the quest for the Orb.
     0 | D:1      | Reached XP level 1. HP: 19/19 MP: 1/1
   476 | D:1      | Reached XP level 2. HP: 27/27 MP: 2/2
   696 | D:1      | Reached skill level 1 in Dodging
   817 | D:1      | Reached XP level 3. HP: 31/33 MP: 3/3
  1635 | D:2      | Reached XP level 4. HP: 12/40 MP: 4/4
  2133 | D:2      | Found a faded altar of an unknown god.
  2518 | D:2      | Found a runed translucent door.
  2519 | D:2      | Noticed Crazy Yiuf
  2528 | D:2      | Killed Crazy Yiuf
  2529 | D:2      | Reached XP level 5. HP: 46/46 MP: 5/5
  3106 | D:3      | Reached XP level 6. HP: 42/53 MP: 6/6
  3208 | D:3      | Gained mutation: You sometimes lose the ability to read
                  | scrolls when taking damage. [potion of mutation]
  3208 | D:3      | Gained mutation: You passively map a small area around you.
                  | [potion of mutation]
  3208 | D:3      | Gained mutation: Your flesh is heat resistant. (rF+)
                  | [potion of mutation]
  3248 | D:3      | Reached skill level 1 in Throwing
  3334 | D:3      | Found a shadowy altar of Dithmenos.
  4195 | D:4      | Found a shimmering altar of Xom.
  4243 | D:4      | Noticed an orc warrior
  4270 | D:4      | Became a worshipper of Beogh the Brigand
  4322 | D:4      | Found a shimmering blue altar of Sif Muna.
  4452 | D:4      | Found a stormy altar of Qazlal.
  4452 | D:4      | Found a faded altar of an unknown god.
  4459 | D:4      | Found a hazy altar of Hepliaklqana.
  4461 | D:4      | Found a faded altar of an unknown god.
  4463 | D:4      | Found an opulent altar of Gozag.
  4540 | D:4      | Reached skill level 5 in Axes
  4621 | D:5      | Entered Level 5 of the Dungeon
  4768 | D:5      | Reached XP level 7. HP: 53/60 MP: 7/7
  4886 | D:5      | Reached skill level 1 in Invocations
  6064 | D:4      | Reached skill level 1 in Evocations
  6162 | D:5      | Reached skill level 5 in Fighting
  6162 | D:5      | Reached XP level 8. HP: 24/68 MP: 8/10
  6392 | D:5      | You fall into a shaft and drop 3 floors!
  6395 | D:7      | Noticed a two-headed ogre
  6395 | D:7      | Found a flagged portal.
  6402 | Bailey   | Entered a bailey
  6405 | Bailey   | Lost mutation: You sometimes lose the ability to read
                  | scrolls when taking damage. [potion of mutation]
  6405 | Bailey   | Lost mutation: Your flesh is heat resistant. (rF+) [potion
                  | of mutation]
  6405 | Bailey   | Lost mutation: You passively map a small area around you.
                  | [potion of mutation]
  6405 | Bailey   | Gained mutation: You are robust. (+10% HP) [potion of
                  | mutation]
  6405 | Bailey   | Gained mutation: You have an increased reservoir of magic.
                  | (+10% MP) [potion of mutation]
  6461 | Bailey   | Lost mutation: You have an increased reservoir of magic.
                  | (+10% MP) [potion of mutation]
  6461 | Bailey   | Lost mutation: You are robust. (+10% HP) [potion of
                  | mutation]
  6461 | Bailey   | Gained mutation: Your mind is acute. (Int +2) [potion of
                  | mutation]
  6461 | Bailey   | Gained mutation: You are strong-willed. (Will+) [potion of
                  | mutation]
  6461 | Bailey   | Slain by a kobold brigand

Illustrated notes

Levels and vault maps discovered:
D:1:      shiori_angband_town, layout_loops_corners
D:2:      layout_basic, shapermc_ecumenical_altar_ellora,
          amcnicky_mini_corridor_feature, minmay_tromino_v2,
          uniq_crazy_yiuf_cottage
D:3:      layout_loops_ring, mainiacjoe_overflow_six_doors_small
D:4:      layout_rooms, kennysheep_little_box, led_sif_pool,
          chequers_temple_overflow_minitemple
D:5:      layout_basic, mainiacjoe_overflow_chevrons
D:7:      layout_basic, minmay_temple_entry_nine_rooms, enter_bailey_6
D:8:      layout_loops_corners, zin_angel, dpeg_lair_monsters, serial_shops,
          shop, grunt_decor_arrowhead, minmay_pinched_square
Bailey:   bailey_axe_3, bailey

Skill      XL: |  1  2  3  4  5  6  7 |
---------------+----------------------+-----
Axes           | 3 4 5 |  5.9
Dodging        | 1 2 3 |  3.4
Fighting       | 4 5 |  5.0
Shields        | 4 |  4.6
Armour         | 4 |  4.6
Throwing       | 1 |  1.3
Invocations    | 2 |  2.9
Evocations     | 1 |  1.4

Action                   |  1- 3 |  4- 6 |  7- 9 || total
-------------------------+-------+-------+-------++-------
Melee: War axe           |   117 |   235 |    77 ||   429
       Unarmed           |       |     5 |       ||     5
Throw: Throwing net      |       |       |     2 ||     2
       Javelin           |       |       |     1 ||     1
Invok: Convert to Beogh  |       |     1 |       ||     1
  Use: Scroll            |     2 |     7 |     3 ||    12
       Potion            |       |     3 |     4 ||     7
 Stab: Confused          |       |     1 |       ||     1
Armor: Scale mail        |    46 |   107 |    39 ||   192
       Skin              |       |       |     3 ||     3
Dodge: Dodged            |    63 |   147 |    77 ||   287
Block: Buckler           |    32 |    57 |    29 ||   118
